 Dungeon Crawl Stone Soup version 0.21-a0-185-g3a6ed1e (webtiles) character file.

43 seren the Shield-Bearer (level 3, 0/29 HPs)
             Began as a Formicid Fighter on Aug 12, 2017.
             Slain by an adder (3 damage)
             ... on level 1 of the Dungeon.
             The game lasted 00:02:57 (961 turns).

seren the Shield-Bearer (Formicid Fighter)           Turns: 961, Time: 00:02:58

Health: 0/29       AC:  6    Str: 26    XL:     3   Next: 82%
Magic:  3/3        EV:  8    Int:  7    God:
Gold:   41         SH: 10    Dex: 10    Spells: 2/2 levels left

rFire    . . .     SeeInvis +   a - +0 war axe
rCold    . . .     Gourm    .   c - +0 shield
rNeg     . . .     Faith    .   b - +0 scale mail
rPois    .         Spirit   .   (helmet unavailable)
rElec    .         Reflect  .   (no cloak)
rCorr    .         Harm     .   (no gloves)
MR       .....                  (no boots)
Stlth    ..........             (no amulet)
HPRegen  0.09/turn              (no ring)
MPRegen  0.08/turn              (no ring)

@: mighty, lethally poisoned (0 -> -14)
A: permanent stasis, dig shafts and tunnels, four strong arms, antennae 3
a: Dig, Shaft Self


You were on level 1 of the Dungeon.
You were not hungry.

You visited 1 branch of the dungeon, and saw 2 of its levels.

You collected 41 gold pieces.

Inventory:

Hand Weapons
 a - a +0 war axe (weapon)
Armour
 b - a +0 scale mail (worn)
 c - a +0 shield (worn)
Magical Staves
 p - an uncursed staff of power {unknown}
Jewellery
 k - a +3 ring of intelligence {unknown}
Scrolls
 i - 3 scrolls of remove curse {unknown}
 j - a scroll of identify {unknown}
 l - a scroll of immolation {unknown}
 n - a scroll of teleportation {unknown}
Potions
 d - a potion of might
 e - a potion of invisibility {unknown}
 h - a potion of heal wounds {unknown}
Comestibles
 f - a bread ration
 m - a royal jelly
 o - a meat ration


   Skills:
 + Level 3.4 Fighting
 * Level 2.8 Axes
 + Level 3.5 Armour
 * Level 4.3 Shields


You had 2 spell levels left.
You didn't know any spells.

Dungeon Overview and Level Annotations

Branches:
Dungeon (2/15)

Altars:


Innate Abilities, Weirdness & Mutations

You cannot be hasted, slowed, berserked, paralysed or teleported.
You can dig through walls and to a lower floor.
Your four strong arms can wield two-handed weapons with a shield.
You have a pair of large antennae on your head. (SInv)


Message History

The adder poisons you! The adder closely misses you.
You feel very mighty all of a sudden.
* * * LOW HITPOINT WARNING * * *
You feel sick. You block the adder's attack. The adder bites you.
* * * LOW HITPOINT WARNING * * *
The adder bites you but does no damage.
You completely miss the adder.
The adder is severely wounded.
You closely miss the adder.
* * * LOW HITPOINT WARNING * * *
You feel sick. The adder barely misses you. The adder bites you.
* * * LOW HITPOINT WARNING * * *
You are more poisoned.
The adder poisons you! You block the adder's attack. x2
You closely miss the adder.
The adder is severely wounded.
You closely miss the adder.
* * * LOW HITPOINT WARNING * * *
You feel sick. The adder bites you.
You die...

#. #. #. #. ###'
#... #...
###############...
#@S...............
#S############....
#.# #...##' #.#
#....[. #.#
#...#.. #.#
#...#.. ###'######
#...### #.((.....#
#...# #..(.....#
#...#


You could see 2 adders.

Vanquished Creatures
  2 adders (D:2)
  A dart slug (D:1)
  3 bats (D:1)
  A giant cockroach (D:1)
  A goblin (D:1)
  5 hobgoblins (D:1)
  A ball python (D:1)
  4 frilled lizards
  5 kobolds
  A rat (D:2)
24 creatures vanquished.

Vanquished Creatures (others)
  5 toadstools (D:1)
5 creatures vanquished.

Grand Total: 29 creatures vanquished

Notes
Turn   | Place    | Note
-------+----------+-------------------------------------------
     0 | D:1      | seren the Formicid Fighter began the quest for the Orb.
     0 | D:1      | Reached XP level 1. HP: 18/18 MP: 1/1
    79 | D:1      | Reached XP level 2. HP: 23/24 MP: 2/2
   143 | D:2      | Reached skill level 4 in Shields
   144 | D:2      | Reached XP level 3. HP: 27/29 MP: 3/3
   961 | D:1      | Slain by an adder

Vault maps used:
D:1:      ldierk_walled_garden
D:2:      old_standard_altar, first_bread, st_stairs_5, bloody_trog

Skill      XL: |  1  2 |
---------------+-------+-----
Shields        | 4 |  4.3
Fighting       | |  3.4
Axes           | |  2.8
Armour         | |  3.5

Action                   || total
-------------------------++-------
Melee: War axe           ||    84
  Use: Potion            ||     1
Armor: Scale mail        ||    31
Dodge: Dodged            ||    33
Block: Shield            ||    53
